 Dungeon Crawl Stone Soup version 0.27.1-4-g1640c2035a (webtiles) character file.

Game seed: 16293339775156364093

103 scsoc the Chopper (level 4, -14/40 HPs)
             Began as a Hill Orc Fighter on Nov 3, 2021.
             Demolished by an ogre (19 damage)
             ... on level 3 of the Dungeon.
             The game lasted 00:03:24 (2189 turns).

scsoc the Chopper (Hill Orc Fighter)                Turns: 2189, Time: 00:03:25

Health: -14/40     AC:  9    Str: 19    XL:     4   Next: 79%
Magic:  4/4        EV:  8    Int:  8    God:
Gold:   43         SH:  9    Dex: 10    Spells: 3/3 levels left

rFire    . . .     SeeInvis .   a - +0 war axe
rCold    . . .     Faith    .   c - +0 kite shield
rNeg     . . .     Spirit   .   n - +0 swamp dragon scales
rPois    +         Reflect  .   (no helmet)
rElec    .         Harm     .   (no cloak)
rCorr    .         Rampage  .   (no gloves)
Will     .....                  i - +0 pair of boots
Stlth    ..........             (no amulet)
HPRegen  0.13/turn              (no ring)
MPRegen  0.09/turn              (no ring)

@: no status effects
A: no striking features
a: no special abilities


You were on level 3 of the Dungeon.
You visited 1 branch of the dungeon, and saw 3 of its levels.

You collected 43 gold pieces.

Inventory:

Hand Weapons
 a - a +0 war axe (weapon)
Armour
 b - a +0 scale mail
 c - a +0 kite shield (worn)
 i - a +0 pair of boots (worn)
 n - +0 swamp dragon scales (worn)
Scrolls
 j - a scroll of teleportation {unknown}
 k - a scroll of amnesia {unknown}
 l - a scroll of fog {unknown}
 m - 2 scrolls of immolation {unknown}
 o - a scroll of summoning {unknown}
Potions
 d - a potion of might
 e - a potion of flight {unknown}
 f - a potion of attraction
 g - a potion of haste
 h - a potion of resistance {unknown}


   Skills:
 + Level 4.2 Fighting
 + Level 4.3 Axes
 + Level 3.8 Armour
 + Level 0.6 Dodging
 + Level 4.0 Shields


You had 3 spell levels left.
You didn't know any spells.
Your spell library contained the following spells:

 Spells                   Type           Power      Damage    Failure   Level
 Magic Dart               Conj           0%         1d3       97%         1
 Call Imp                 Summ           0%         N/A       99%         2
 Mephitic Cloud           Conj/Pois/Air  0%         N/A       100%        3


Dungeon Overview and Level Annotations

Branches:
Dungeon (3/15)

Altars:


Message History

Jessica blinks!
Your shield prevents you from hitting the adder.
The adder bites you. You block the adder's attack.
You slash Jessica!
Jessica is almost dead.
You hit the adder. You block the adder's attack.
Jessica casts a spell.
Jessica blinks!
You block the adder's attack.
You hit the adder.
The adder is heavily wounded.
You block the adder's attack.
Jessica mumbles some strange words.
Jessica blinks!
The adder bites you but does no damage.
You slash the adder!
You kill the adder!
You block Jessica's attack.
You hit Jessica.
You kill Jessica!
Your Shields skill increases to level 4!
No target in view!
You see here an adder corpse.
Things that are here:
a +0 dagger; a +0 robe A ball python and an ogre come into view.
Found 21 stones.
The ball python hisses angrily.
The ogre shouts!
You barely miss the ogre. The ogre hits you with a +0 giant club.
You barely miss the ogre. You block the ogre's attack.
You hit the ogre.
The ogre is lightly wounded.
The ogre hits you with a +0 giant club!
The ogre hits you with a +0 giant club!!
Ouch! That really hurt!
* * * LOW HITPOINT WARNING * * *
You are too injured to fight recklessly!
You are too injured to fight recklessly!
Your shield and swamp dragon scales prevent you from hitting the ogre.
The ogre is lightly wounded.
The ogre hits you with a +0 giant club!!
You die...

#...........
##.##..######.##
## .#.##..#
####.#. .
...##..###......#.
.#............#...
...........#..##.#
#####..##..#..##S#
#..##..#..##O#
#..##).#..##@##.#
#....†..........#
#.###..#>#####..#
#.# #...... .(#
#.# #.##.### ##
.........#
#######..#### #..
.... #.# ##..#


You could see an ogre and a ball python.

Vanquished Creatures
  Jessica (D:3)
  4 adders
  A worm (D:2)
  A dart slug (D:1)
  4 ball pythons (D:1)
  3 bats
  6 endoplasms
  A giant cockroach (D:1)
  2 goblins
  2 hobgoblins
  5 quokkas
  2 kobolds
  4 rats
36 creatures vanquished.

Notes
Turn   | Place    | Note
-------+----------+-------------------------------------------
     0 | D:1      | scsoc the Hill Orc Fighter began the quest for the Orb.
     0 | D:1      | Reached XP level 1. HP: 19/19 MP: 1/1
   144 | D:1      | Reached XP level 2. HP: 23/27 MP: 2/2
   590 | D:1      | Found a faded altar of an unknown god.
   890 | D:2      | Reached XP level 3. HP: 33/33 MP: 3/3
  2021 | D:3      | Reached XP level 4. HP: 40/40 MP: 4/4
  2108 | D:3      | Noticed Jessica
  2114 | D:3      | Killed Jessica
  2183 | D:3      | Noticed an ogre
  2189 | D:3      | Demolished by an ogre

Illustrated notes

Levels and vault maps discovered:
D:1:      sevenhm_arrival_forest_fort_large_2, layout_rooms,
          hellmonk_ecumenical_altar_zigzags, minmay_misc_feat_tiny,
          minivault_23, hangedman_abyss_or_decor_stabs
D:2:      layout_loops_ring
D:3:      layout_loops_ring, uniq_grinder, uniq_jessica

Skill      XL: |  1  2  3  4 |
---------------+-------------+-----
Axes           | 3 4 |  4.3
Fighting       | 4 |  4.2
Shields        | 4 |  4.0
Armour         | |  3.8
Dodging        | |  0.6

Action                   |  1- 3 |  4- 6 || total
-------------------------+-------+-------++-------
Melee: War axe           |   104 |    20 ||   124
  Use: Potion            |     2 |       ||     2
Armor: Scale mail        |    34 |       ||    34
       Swamp dragon scal |     8 |     6 ||    14
Dodge: Dodged            |    31 |     6 ||    37
Block: Kite shield       |    56 |    15 ||    71
